 Dungeon Crawl Stone Soup version 0.29.1-12-g30fa7ad0bf (webtiles) character file.

Game seed: 12537132816222672828

9949 zlionsfan the Thaumaturge (level 11, -12/76 HPs)
             Began as a Mummy Conjurer on Jan 12, 2023.
             Was a High Priest of Ru.
             Mangled by a seven-headed hydra (18 damage)
             ... on level 2 of the Lair of Beasts.
             The game lasted 00:59:37 (14362 turns).

zlionsfan the Thaumaturge (Mummy Conjurer)         Turns: 14362, Time: 00:59:37

Health: -12/76     AC:  0    Str: 11    XL:     11   Next: 29%
Magic:  3/28       EV: 12    Int: 20    God:    Ru [*****.]
Gold:   100        SH:  0    Dex: 10    Spells: 7/36 levels left

rFire   x . .      SeeInvis +   a - +6 whip "Japn" {vorpal, rC+++ Will++ Str-2 SInv}
rCold   + + +      Faith    .   (no shield)
rNeg    + + +      Spirit   .   e - +0 robe
rPois   ∞          Reflect  .   i - +0 helmet
rElec   .          Harm     .   t - +1 cloak
rCorr   +          Rampage  .   (no gloves)
Will    +++..                   (no boots)
Stlth   ++........              k - amulet of magic regeneration
HPRegen 0.22/turn               d - ring of willpower
MPRegen 0.61/turn               o - ring of resist corrosion

@: unable to read
A: cold resistance 1, negative energy resistance 3, torment resistance 2, heat
vulnerability 1, inability to read after injury 2, reduced AC 1, weak-willed 1,
in touch with death 1, no potions
a: Renounce Religion, Draw Out Power, Power Leap, Apocalypse


You were on level 2 of the Lair of Beasts.
You worshipped Ru.
Ru was extremely pleased with you.
You visited 3 branches of the dungeon, and saw 13 of its levels.

You collected 610 gold pieces.
You spent 510 gold pieces at shops.

Inventory:

Hand Weapons
 a - the +6 whip "Japn" (weapon) {vorpal, rC+++ Will++ Str-2 SInv}
   (You found it on level 3 of the Dungeon)

   It inflicts extra damage upon your enemies.
   Str:       It affects your strength (-2).
   rC:        It renders you almost immune to cold.
   SInv:      It lets you see invisible.
   Will:      It greatly increases your willpower.
Missiles
 g - a throwing net
Armour
 e - a +0 robe (worn)
 i - a +0 helmet (worn)
 t - a +1 cloak (worn)
Jewellery
 d - a ring of willpower (left hand)
 k - an amulet of magic regeneration (around neck)
 o - a ring of resist corrosion (right hand)
 v - a ring of magical power
Wands
 j - a wand of mindburst (5)
 m - a wand of flame (14)
 n - a wand of polymorph (3)
 u - a wand of iceblast (5)
 w - a wand of light (6)
Scrolls
 c - 2 scrolls of torment
 f - 3 scrolls of enchant armour
 h - a scroll of brand weapon
 l - 2 scrolls of immolation
 p - 2 scrolls of teleportation
 q - 4 scrolls of magic mapping
 r - 3 scrolls of blinking
 s - a scroll of fog
 x - 4 scrolls of fear
 y - a scroll of amnesia
Miscellaneous
 b - a lightning rod (4/4)


   Skills:
 + Level 3.7 Fighting
 + Level 3.0 Maces & Flails
 + Level 3.5 Dodging
 + Level 4.4 Stealth
 + Level 13.2 Spellcasting
 * Level 9.2 Conjurations
 * Level 2.2 Necromancy
 + Level 1.4 Ice Magic
 + Level 1.7 Air Magic
 + Level 2.0 Poison Magic
 + Level 0.3 Evocations


You had 7 spell levels left.
You knew the following spells:

 Your Spells              Type           Power      Damage    Failure   Level
a - Magic Dart            Conj           100%       1d8       1%          1
b - Searing Ray           Conj           100%       2d8       1%          2
c - Freeze                Ice            76%        1d9       2%          1
d - Static Discharge      Conj/Air       35%        3-8/arc   1%          2
e - Call Imp              Summ           13%        N/A       8%          2
f - Mephitic Cloud        Conj/Pois/Air  30%        N/A       2%          3
g - Hailstorm             Conj/Ice       34%        3d9       5%          4
h - Fulminant Prism       Conj/Hex       15%        3d11      8%          4
i - Sticky Flame          Conj/Fire      31%        2d5       8%          4
j - Frozen Ramparts       Ice            38%        1d6       9%          3
k - Vampiric Draining     Necr           33%        2d8       6%          3

Your spell library contained the following spells:

 Spells                   Type           Power      Damage    Failure   Level
 Necrotise                Necr           100%       1d9       1%          1
 Dazzling Flash           Conj/Hex       62%        N/A       2%          3
 Iskenderun's Mystic Bla  Conj/Tloc      31%        2d8       8%          4
 Gell's Gravitas          Tloc           13%        N/A       16%         3
 Lesser Beckoning         Tloc           13%        N/A       16%         3
 Teleport Other           Tloc           13%        N/A       16%         3
 Dispel Undead            Necr           33%        3d14      19%         4
 Agony                    Necr           33%        N/A       47%         5


Dungeon Overview and Level Annotations

Branches:
Dungeon (10/15)            Temple (1/1) D:7            Lair (1/5) D:9
    Orc: D:9-12

Altars:
Ashenzari
Cheibriados
Dithmenos
Fedhas
Gozag
Hepliaklqana
Kikubaaqudgha
Makhleb
Nemelex Xobeh
Okawaru
Qazlal
Ru
Sif Muna
Trog
Uskayaw
Vehumet
Wu Jian
Xom
Yredelemnul

Shops:
D:4 :   D:6 =[==(=


Innate Abilities, Weirdness & Mutations

You are immune to poison.
Your flesh is cold resistant. (rC+)
You are immune to negative energy. (rN+++)
You are immune to unholy pain and torment.
You are vulnerable to heat. (rF-)
You sometimes lose the ability to read scrolls when taking damage.
You take slightly more damage. (AC -5)
You are slightly weak-willed. (Will-)
You are in touch with the powers of death.
You do not drink.


Message History

The wolf appears confused.
The wolf bites the wolf.
A yak comes into view.
The wolf barely misses you.
The wolf is engulfed in noxious fumes.
Casting: Mephitic Cloud (mildly dangerous; 2% risk of failure)
Confirm with . or Enter, or press ? or * to list all spells.
Aiming: Vampiric Draining (dangerous; 6% risk of failure)
Press: ? - help, Shift-Dir - straight line, f - water moccasin
Aim: a water moccasin (severely wounded)
You feel a surge of power!
You draw life force from the water moccasin!
You kill the water moccasin!
You feel life coursing into your body.
The yak bellows!
The yak is engulfed in noxious fumes.
The yak appears confused.
A yak comes into view. x2
The yak is stunned by your conviction and fails to attack.
The wolf completely misses the seven-headed hydra.
The wolf barely misses the yak.
Aiming: Mindburst
Press: ? - help, Shift-Dir - straight line, f - yak
Aim: a yak (moderately wounded, chance to affect: 66%)
The yak struggles to resist.
The yak gores you!
Aiming: Iceblast
Press: ? - help, Shift-Dir - straight line, f/p - yak
Aim: a yak (moderately wounded)
The mass of ice explodes!
The iceblast engulfs the yak!
The yak is severely wounded.
The iceblast engulfs the seven-headed hydra!
The seven-headed hydra is moderately wounded.
The iceblast engulfs the wolf!
You kill the wolf!
The iceblast engulfs you. You partially resist.
A yak comes into view.
The seven-headed hydra bites you! x2
* * * LOW HITPOINT WARNING * * *
The seven-headed hydra bites you.
* * * LOW HITPOINT WARNING * * *
The seven-headed hydra barely misses you.
The seven-headed hydra bites you!!
You die...

##########
#.#......##
#........P
#P......##
#P.......#
#P.......#
##...@†.#
##...YD†h#.#
#....†.°..#
#....Y..°...#
P......Y.....#
......YY.......#
........Y......#
......Y..P......
........##.....


You could see a seven-headed hydra, 7 yaks and a wolf (confused).

Vanquished Creatures
  Erolcha (D:9)
  Amaemon (D:9)
  A wizard (D:9)
  A cyclops (D:9)
  An orange demon (D:9)
  A kobold demonologist (D:9)
  A hornet (D:9)
  A troll (D:9)
  8 yaks
  3 wraiths (D:9)
  A steam dragon (D:9)
  6 water moccasins
  4 orc warriors
  A sky beast (D:8)
  3 ice beasts
  An ogre (D:6)
  3 centaurs
  11 wolves
  4 kobold brigands (D:7)
  5 necrophages
  3 bullfrogs
  2 gnoll sergeants
  3 scorpions
  4 wights (D:7)
  4 killer bees (D:7)
  8 howler monkeys
  A crimson imp (D:5)
  3 jellies (D:6)
  Crazy Yiuf (D:7)
  6 orc priests
  A gnoll bouda (D:5)
  7 hounds
  8 orc wizards
  18 gnolls
  4 adders
  A shadow imp (D:7)
  An ufetubus (D:7)
  3 worms (D:3)
  3 dart slugs
  20 orcs
  3 ball pythons
  8 goblins
  7 hobgoblins
  11 jackals
  19 kobolds
  A quokka (D:2)
  3 bats
  3 frilled lizards (D:2)
  3 rats
217 creatures vanquished.

Vanquished Creatures (collateral kills)
  A gnoll (D:8)
1 creature vanquished.

Vanquished Creatures (others)
  An orc wizard (D:10)
  3 fungi (D:9)
  6 plants
10 creatures vanquished.

Grand Total: 228 creatures vanquished

Notes
Turn   | Place    | Note
-------+----------+-------------------------------------------
     0 | D:1      | zlionsfan the Mummy Conjurer began the quest for the Orb.
     0 | D:1      | Reached XP level 1. HP: 13/13 MP: 4/4
   515 | D:1      | Found a faded altar of an unknown god.
   535 | D:1      | Prayed at the altar of an unknown god.
   535 | D:1      | Became a worshipper of Ru the Awakened
   547 | D:1      | Gained mutation: You are slightly weak-willed. (Will-) [Ru
                  | sacrifice]
   547 | D:1      | Reached * piety under Ru
   560 | D:1      | Reached skill level 3 in Spellcasting
   560 | D:1      | Reached XP level 2. HP: 19/19 MP: 0/6
   563 | D:1      | Learned a level 2 spell: Searing Ray
  1350 | D:2      | Gained mutation: You are in touch with the powers of death.
                  | [Mummy growth]
  1350 | D:2      | Reached XP level 3. HP: 24/24 MP: 3/7
  1498 | D:2      | Learned a level 3 spell: Dazzling Flash
  1687 | D:2      | Found an opulent altar of Gozag.
  1940 | D:3      | Reached XP level 4. HP: 7/30 MP: 0/9
  2470 | D:3      | Learned a level 2 spell: Static Discharge
  2517 | D:3      | Found an iron altar of Okawaru.
  2517 | D:3      | Found a hazy altar of Hepliaklqana.
  2520 | D:3      | Found a sacrificial altar of Ru.
  2525 | D:3      | Found a basalt altar of Yredelemnul.
  2702 | D:3      | Reached skill level 4 in Spellcasting
  2837 | D:3      | Identified the +6 whip "Japn" {vorpal, rC+++ Will++ Str-2
                  | SInv}
  2947 | D:3      | Reached XP level 5. HP: 20/35 MP: 1/11
  3315 | D:4      | Found Voclarom's Book Emporium.
  3323 | D:4      | Bought a book of Minor Magic for 180 gold pieces
  3329 | D:4      | Learned a level 2 spell: Call Imp
  3502 | D:4      | Learned a level 1 spell: Freeze
  3747 | D:4      | Gained mutation: You occasionally lose the ability to read
                  | scrolls when taking damage. [Ru sacrifice]
  3747 | D:4      | Gained mutation: You sometimes lose the ability to read
                  | scrolls when taking damage. [Ru sacrifice]
  3747 | D:4      | Reached ** piety under Ru
  3747 | D:4      | Reached *** piety under Ru
  3809 | D:4      | Reached skill level 5 in Spellcasting
  3969 | D:4      | Reached XP level 6. HP: 38/42 MP: 7/14
  4222 | D:5      | Entered Level 5 of the Dungeon
  4351 | D:5      | Reached skill level 5 in Conjurations
  4492 | D:5      | Found a radiant altar of Vehumet.
  4493 | D:5      | Found a burning altar of Makhleb.
  4498 | D:5      | Reached skill level 6 in Spellcasting
  4555 | D:5      | Reached XP level 7. HP: 43/47 MP: 7/16
  4619 | D:5      | Learned a level 3 spell: Mephitic Cloud
  4902 | D:5      | Reached skill level 1 in Fighting
  5288 | D:6      | Reached skill level 7 in Spellcasting
  5457 | D:6      | Reached skill level 1 in Maces & Flails
  5527 | D:6      | Found Koqulir's Antique Armour Shop.
  5610 | D:6      | Found Zaifunt's Jewellery Shoppe.
  5668 | D:6      | Found Yxtach's Jewellery Emporium.
  5744 | D:6      | Reached XP level 8. HP: 54/54 MP: 13/18
  5792 | D:6      | Found Wifeutt's Jewellery Shoppe.
  6019 | D:6      | Found Wenuyt's Jewellery Boutique.
  6148 | D:6      | Found Ilafehun's Antique Weapon Shop.
  6534 | D:7      | Reached skill level 8 in Spellcasting
  6810 | D:7      | Identified the +1 whip of Ganku {pain, Str+3 SInv}
  6920 | D:7      | Reached skill level 9 in Spellcasting
  6978 | D:7      | Found a staircase to the Ecumenical Temple.
  6992 | Temple   | Entered the Ecumenical Temple
  7484 | D:7      | Reached XP level 9. HP: 60/61 MP: 13/22
  7572 | D:7      | Reached skill level 10 in Spellcasting
  8520 | D:7      | Found a runed translucent door.
  8521 | D:7      | Noticed Crazy Yiuf
  8672 | D:7      | Killed Crazy Yiuf
  8745 | D:8      | Reached skill level 1 in Ice Magic
  9150 | D:8      | Reached skill level 11 in Spellcasting
  9562 | D:8      | Reached XP level 10. HP: 54/70 MP: 21/25
 10404 | D:9      | Noticed Erolcha
 10411 | D:9      | Killed Erolcha
 10412 | D:9      | Reached skill level 1 in Poison Magic
 10426 | D:9      | Noticed Amaemon
 10656 | D:6      | Bought an amulet of magic regeneration for 330 gold pieces
 10836 | D:9      | Found a staircase to the Lair.
 10840 | D:9      | Noticed an orange demon
 10892 | D:9      | Reached skill level 12 in Spellcasting
 11037 | D:9      | Killed Amaemon
 11038 | D:9      | Reached skill level 1 in Air Magic
 11044 | D:9      | Killed an orange demon
 11237 | D:9      | Gained mutation: You take slightly more damage. (AC -5) [Ru
                  | sacrifice]
 11237 | D:9      | Reached **** piety under Ru
 11237 | D:9      | Reached ***** piety under Ru
 11244 | D:9      | Noticed a wizard
 11257 | D:9      | Killed a wizard
 11465 | D:9      | Noticed a cyclops
 11485 | D:9      | Killed a cyclops
 11500 | D:9      | Reached skill level 13 in Spellcasting
 11500 | D:9      | Reached XP level 11. HP: 57/75 MP: 21/28
 11902 | D:9      | Learned a level 4 spell: Hailstorm
 11907 | D:9      | Learned a level 4 spell: Fulminant Prism
 11912 | D:9      | Learned a level 4 spell: Sticky Flame
 11916 | D:9      | Learned a level 3 spell: Frozen Ramparts
 12603 | D:10     | Entered Level 10 of the Dungeon
 12647 | D:10     | Learned a level 3 spell: Vampiric Draining
 12938 | D:10     | Noticed a two-headed ogre
 13483 | D:10     | Found a stormy altar of Qazlal.
 13484 | D:10     | Found a blossoming altar of Fedhas.
 13512 | D:10     | Identified the +7 chain mail of the Other World {rElec
                  | Str+4 Int+2}
 13775 | Lair:1   | Entered Level 1 of the Lair of Beasts
 13899 | Lair:1   | Reached skill level 1 in Necromancy
 14333 | Lair:1   | You fall into a shaft and drop 1 floor!
 14334 | Lair:2   | Noticed a seven-headed hydra
 14362 | Lair:2   | Mangled by a seven-headed hydra

Illustrated notes

Levels and vault maps discovered:
D:1:      dpeg_arrival_water_temple_mockup, layout_basic,
          ebering_ecumenical_altar_rust, minmay_statues_item,
          grunt_decor_arrowhead
D:2:      layout_rooms, basic_altar
D:3:      layout_rooms, grunt_temple_overflow_open, nrook_loot_triangle,
          minmay_misc_feat_rugged, corexii_corridor_pit, cheibrodos_gnoll_hut
D:4:      layout_cave_pods, serial_shops, shop
D:5:      layout_loops_ring, grunt_temple_overflow_lords_of_destruction
D:6:      layout_basic, serial_shops, kennysheep_mini, shop, shop, shop,
          nicolae_shop_hallway_plus, nicolae_inconvenience_store
D:7:      layout_basic, minmay_temple_entry_grid, uniq_crazy_yiuf_cottage
D:8:      layout_loops_cross
D:9:      layout_basic, dpeg_oklobed_lair, minmay_pinched_square, uniq_erolcha,
          uniq_amaemon
D:10:     layout_grid_maze, grunt_temple_overflow_forces_of_nature,
          nicolae_twisting_strands, chequers_serial_rivers_micro_c
Temple:   nicolae_temple_bog_church
Lair:1:   layout_regular_city, minivault_26, chequers_serial_rivers_micro_b,
          minivault_23
Lair:2:   layout_hall_layers, minivault_19, infiniplex_staircase_pool_2

Skill      XL: |  1  2  3  4  5  6  7  8  9 10 11 |
---------------+----------------------------------+-----
Spellcasting   | 3 4 5 6 7 9 11 13 | 13.2
Conjurations   | 4 5 6 7 8 9 |  9.2
Stealth        | 2 3 4 |  4.4
Dodging        | 2 3 |  3.5
Fighting       | 1 3 |  3.7
Maces & Flails | 1 2 3 |  3.0
Ice Magic      | 1 |  1.4
Poison Magic   | 1 2 |  2.0
Air Magic      | 1 |  1.7
Necromancy     | 2 |  2.2
Evocations     | |  0.3

Action                   |  1- 3 |  4- 6 |  7- 9 | 10-12 || total
-------------------------+-------+-------+-------+-------++-------
Melee: Dagger            |    18 |     3 |       |       ||    21
       Whip              |       |    20 |    46 |    32 ||    98
       Punch             |       |     1 |       |     1 ||     2
 Cast: Magic Dart        |    53 |    59 |    71 |    70 ||   253
       Searing Ray       |     2 |    13 |    50 |    40 ||   105
       Freeze            |       |       |     7 |    12 ||    19
       Mephitic Cloud    |       |       |     9 |    26 ||    35
       Vampiric Draining |       |       |       |    16 ||    16
Invok: Sacrifice Essence |     1 |       |       |       ||     1
       Sacrifice Words   |       |     1 |       |       ||     1
       Sacrifice Health  |       |       |       |     1 ||     1
       Reject Sacrifices |       |       |       |     1 ||     1
Evoke: Wand              |       |       |     4 |     3 ||     7
  Use: Scroll            |     1 |     7 |     4 |     3 ||    15
 Stab: Confused          |       |       |     2 |     1 ||     3
       Sleeping          |       |       |     1 |     1 ||     2
Armor: Robe              |     7 |     6 |    15 |     5 ||    33
Dodge: Dodged            |    16 |    23 |    60 |    54 ||   153
